[Event "RUS-chT Men Rapid 2019"]
[Site "Sochi"]
[Date "2019.10.18"]
[Round "3.15"]
[White "Vastrukhin, Oleg"]
[Black "Ulybin, Mikhail"]
[Result "1-0"]
[ECO "A36"]
[WhiteElo "2428"]
[BlackElo "2455"]
[Annotator "ChessBase"]
[PlyCount "113"]
[EventDate "2019.10.18"]
[EventType "swiss"]
[EventCountry "RUS"]
[SourceTitle "playchess.com"]
[Source "ChessBase"]
[SourceQuality "1"]
[TimeControl "900+10"]

1. g3 c5 2. Bg2 Nc6 3. c4 g6 4. Nc3 Bg7 5. e3 e5 6. Nge2 Nge7 7. O-O O-O 8. d3 d6 9. a3 a5 10. Bd2 Be6 11. Nd5 Rb8 12. Nec3 Qd7 13. Qa4 Rfd8 14. Rfb1 Bf5 15. e4 Bh3 16. Bg5 Bxg2 17. Kxg2 Nxd5 18. cxd5 Ne7 19. Qxd7 Rxd7 20. b4 axb4 21. axb4 cxb4 22. Rxb4 Nc8 23. Nb5 f6 24. Be3 Kf7 25. Rc4 Ne7 26. Bb6 Re8 27. Rc7 Red8 28. Ra7 Nc8 29. Raxb7 Nxb6 30. Rxb6 Rxc7 31. Nxc7 Rd7 32. Nb5 Bf8 33. f4 Be7 34. Kf3 h5 35. f5 Kg7 36. g4 Kh6 37. h4 g5 38. hxg5+ Kxg5 39. gxh5 Kxh5 40. Rc6 Kg5 41. Nc7 Kh6 42. Rc2 Kg7 43. Ne6+ Kf7 44. Rh2 Ra7 45. Rh7+ Ke8 46. Rh8+ Kf7 47. Nd8+ Kg7 48. Re8 Rd7 49. Nc6 Bf8 50. Rb8 Kf7 51. Nd8+ Ke7 52. Ne6 Bh6 53. Kg4 Bd2 54. Kh5 Ra7 55. Kg6 Be1 56. Rb1 Bd2 57. Rh1 1-0

[Event "RUS-chT Men Rapid 2019"]
[Site "Sochi"]
[Date "2019.10.18"]
[Round "3.16"]
[White "Pingin, Artem"]
[Black "Utnasunov, Alexander"]
[Result "0-1"]
[ECO "B72"]
[WhiteElo "2048"]
[BlackElo "2442"]
[Annotator "NA"]
[PlyCount "100"]
[EventDate "2019.10.18"]
[EventType "swiss"]
[EventCountry "RUS"]
[SourceTitle "playchess.com"]
[Source "ChessBase"]
[SourceQuality "1"]
[TimeControl "900+10"]

1. e4 c5 2. Nf3 d6 3. d4 cxd4 4. Nxd4 Nf6 5. Nc3 g6 6. Be3 a6 7. f3 b5 8. Qd2 Bb7 9. O-O-O Nbd7 10. a3 Rc8 11. Kb1 Bg7 12. g4 Ne5 13. h4 Nxf3 14. Nxf3 Nxe4 15. Nxe4 Bxe4 16. Bg2 Rxc2 17. Qxc2 Bxc2+ 18. Kxc2 Qc8+ 19. Kd2 Qxg4 20. Rhg1 O-O 21. Ke2 Bxb2 22. Kf2 Rc8 23. Bf1 Rc2+ 24. Rd2 Rxd2+ 25. Bxd2 Bd4+ 26. Nxd4 Qxd4+ 27. Be3 Qxh4+ 28. Kf3 Qf6+ 29. Kg3 Qe5+ 30. Kf2 Qb2+ 31. Be2 f5 32. Rc1 Kf7 33. Rc6 Qxa3 34. Bf3 Qa2+ 35. Kg3 e5 36. Bg5 e4 37. Bd1 Qb1 38. Rc1 Qd3+ 39. Kg2 Ke6 40. Kf2 Qh3 41. Bf4 Qh4+ 42. Bg3 Qh6 43. Rc6 Qd2+ 44. Be2 f4 45. Bh2 e3+ 46. Kf1 f3 47. Rxd6+ Qxd6 48. Bxd6 fxe2+ 49. Kxe2 Kxd6 50. Kxe3 Ke5 {Kd4+} 0-1

[Event "RUS-chT Men Rapid 2019"]
[Site "Sochi"]
[Date "2019.10.18"]
[Round "3.17"]
[White "Tsydypov, Zhamsaran"]
[Black "Yudin, Sergei"]
[Result "1/2-1/2"]
[ECO "B00"]
[WhiteElo "2553"]
[BlackElo "2497"]
[Annotator "ChessBase"]
[PlyCount "109"]
[EventDate "2019.10.18"]
[EventType "swiss"]
[EventCountry "RUS"]
[SourceTitle "playchess.com"]
[Source "ChessBase"]
[SourceQuality "1"]
[TimeControl "900+10"]

1. e4 d6 2. d4 Nf6 3. f3 c5 4. dxc5 Qa5+ 5. Nc3 Qxc5 6. Qe2 Nc6 7. Be3 Nd4 8. Bxd4 Qxd4 9. Qb5+ Nd7 10. Nd5 Kd8 11. Ne2 Qc5 12. Qb3 e6 13. Ndf4 Be7 14. O-O-O Qb6 15. Qc3 Bf6 16. Qa3 Qc5 17. Qxc5 dxc5 18. Nh5 Be5 19. f4 g6 20. Nhg3 Bg7 21. e5 Ke7 22. Ne4 b6 23. Nd6 f6 24. exf6+ Nxf6 25. Nxc8+ Raxc8 26. Nc3 Nh5 27. g3 Bxc3 28. bxc3 Rcd8 29. Bc4 Rxd1+ 30. Rxd1 Ng7 31. Kb2 Rd8 32. Rd3 Rxd3 33. cxd3 Nf5 34. Kb3 Nd6 35. Ba6 Kf6 36. d4 Kf5 37. dxc5 bxc5 38. Bd3+ Kf6 39. Ka4 e5 40. fxe5+ Kxe5 41. Ka5 Kd5 42. Ka6 c4 43. Bc2 Ne4 44. a4 Nxc3 45. a5 Kc5 46. Kxa7 Nd5 47. Kb7 Nc3 48. a6 Nb5 49. a7 Nxa7 50. Kxa7 Kd4 51. Kb6 Ke3 52. Kc5 Kf2 53. Kxc4 Kg2 54. g4 Kxh2 55. Kd4 1/2-1/2

[Event "RUS-chT Men Rapid 2019"]
[Site "Sochi"]
[Date "2019.10.18"]
[Round "3.18"]
[White "Khegay, Dmitriy"]
[Black "Triapishko, Alexandr"]
[Result "1/2-1/2"]
[ECO "B13"]
[WhiteElo "2509"]
[BlackElo "2514"]
[Annotator "ChessBase"]
[PlyCount "97"]
[EventDate "2019.10.18"]
[EventType "swiss"]
[EventCountry "RUS"]
[SourceTitle "playchess.com"]
[Source "ChessBase"]
[SourceQuality "1"]
[TimeControl "900+10"]

1. e4 c6 2. d4 d5 3. exd5 cxd5 4. Bd3 Nf6 5. h3 Nc6 6. c3 g6 7. Nf3 Bf5 8. Be2 Qc7 9. O-O Bg7 10. Be3 O-O 11. Re1 Rfe8 12. Nbd2 Rad8 13. Nf1 Ne4 14. Qc1 e5 15. dxe5 Nxe5 16. Bf4 Qb6 17. Ne3 Nc6 18. Bd3 d4 19. Nxf5 gxf5 20. Bxe4 fxe4 21. Nxd4 Nxd4 22. cxd4 Qxd4 23. Rb1 Rc8 24. Qe3 Qxe3 25. Bxe3 Rc2 26. Rec1 Rec8 27. Rxc2 Rxc2 28. Bxa7 Bxb2 29. g4 Rc1+ 30. Rxc1 Bxc1 31. Bd4 Kf8 32. Kg2 Bf4 33. f3 exf3+ 34. Kxf3 Bc1 35. Ke4 Ke7 36. Kf5 Ba3 37. h4 Bb4 38. Bg7 Ba3 39. g5 Bb4 40. Bf6+ Kd7 41. Be5 Ke7 42. Bf6+ Kd7 43. Ke5 Be1 44. h5 Bd2 45. Kd5 Be3 46. Ke5 Bc1 47. Kf5 Ba3 48. Bd4 Be7 49. Bf6 1/2-1/2

[Event "RUS-chT Men Rapid 2019"]
[Site "Sochi"]
[Date "2019.10.18"]
[Round "3.19"]
[White "Moiseenko, Vadim"]
[Black "Pogromsky, Mikhail"]
[Result "1-0"]
[ECO "B02"]
[WhiteElo "2532"]
[BlackElo "2411"]
[Annotator "ChessBase"]
[PlyCount "71"]
[EventDate "2019.10.18"]
[EventType "swiss"]
[EventCountry "RUS"]
[SourceTitle "playchess.com"]
[Source "ChessBase"]
[SourceQuality "1"]
[TimeControl "900+10"]

1. e4 Nf6 2. Nc3 d5 3. e5 Nfd7 4. d4 c5 5. f4 cxd4 6. Qxd4 e6 7. Qf2 Nc6 8. Nf3 a6 9. Be3 Bb4 10. Bd3 Qe7 11. O-O Bc5 12. Kh1 Bxe3 13. Qxe3 Qb4 14. a3 Qc5 15. Qe1 Nd4 16. f5 Nxf3 17. Rxf3 Qd4 18. fxe6 fxe6 19. Rd1 Kd8 20. Bxa6 Qxe5 21. Re3 Qf4 22. Bb5 Nf6 23. Rxe6 Bxe6 24. Qxe6 Kc7 25. Qe7+ Kb6 26. Rf1 Qd4 27. Qd6+ Ka7 28. Bd3 Qb6 29. Nb5+ Ka6 30. Qb4 Rac8 31. Rf4 Rc4 32. Bxc4 dxc4 33. Rf5 Qa5 34. Nc7+ Qxc7 35. Qa4+ Kb6 36. Qa5+ 1-0

[Event "RUS-chT Men Rapid 2019"]
[Site "Sochi"]
[Date "2019.10.18"]
[Round "3.20"]
[White "Ozgibcev, Anatoly"]
[Black "Rozum, Ivan"]
[Result "0-1"]
[ECO "B10"]
[WhiteElo "2367"]
[BlackElo "2599"]
[Annotator "ChessBase"]
[PlyCount "98"]
[EventDate "2019.10.18"]
[EventType "swiss"]
[EventCountry "RUS"]
[SourceTitle "playchess.com"]
[Source "ChessBase"]
[SourceQuality "1"]
[TimeControl "900+10"]

1. e4 c6 2. d3 d5 3. Nd2 Qc7 4. Ngf3 Bg4 5. Be2 Nf6 6. O-O Nbd7 7. c3 e6 8. Qc2 Bd6 9. h3 Bh5 10. Re1 O-O 11. d4 dxe4 12. Ng5 e3 13. Nde4 exf2+ 14. Nxf2 Bg6 15. Bd3 Bh2+ 16. Kh1 Bxd3 17. Qxd3 Bf4 18. Bxf4 Qxf4 19. Nfe4 Nxe4 20. Nxe4 Nf6 21. Nxf6+ Qxf6 22. Re5 Rad8 23. Qg3 Rd7 24. Kg1 Rfd8 25. Rf1 Qe7 26. Rf4 Rd5 27. Rg4 g6 28. h4 Rxe5 29. dxe5 Qc5+ 30. Kh2 Rd1 31. Rd4 Rxd4 32. cxd4 Qxd4 33. Qg5 h5 34. b3 c5 35. a4 b6 36. g3 Qf2+ 37. Kh1 Qf3+ 38. Kh2 Qe2+ 39. Kh1 Qd1+ 40. Kh2 Qc2+ 41. Kh1 Qxb3 42. Qd8+ Kh7 43. Qe7 Qf3+ 44. Kh2 c4 45. Qxa7 c3 46. Qxb6 c2 47. Qc7 Qf2+ 48. Kh3 Qf1+ 49. Kh2 c1=Q 0-1

[Event "RUS-chT Men Rapid 2019"]
[Site "Sochi"]
[Date "2019.10.18"]
[Round "3.21"]
[White "Nozdrachev, Vladislav"]
[Black "Alexeev, Alexey"]
[Result "1-0"]
[ECO "B30"]
[WhiteElo "2494"]
[BlackElo "2252"]
[Annotator "ChessBase"]
[PlyCount "158"]
[EventDate "2019.10.18"]
[EventType "swiss"]
[EventCountry "RUS"]
[SourceTitle "playchess.com"]
[Source "ChessBase"]
[SourceQuality "1"]
[TimeControl "900+10"]

1. e4 c5 2. Nf3 Nc6 3. Bb5 d6 4. Bxc6+ bxc6 5. O-O Bg4 6. h3 Bxf3 7. Qxf3 e6 8. e5 d5 9. d3 Ne7 10. b3 Nf5 11. Bb2 Be7 12. Nc3 Nd4 13. Qd1 Qc7 14. Re1 O-O 15. Na4 f6 16. Bxd4 cxd4 17. Qg4 f5 18. Qxd4 c5 19. Qf4 g5 20. Qf3 Kh8 21. c4 d4 22. b4 cxb4 23. c5 Rac8 24. Rac1 Qa5 25. Qd1 Rc6 26. Qb3 Ra6 27. c6 Qd5 28. c7 Rc8 29. Nc5 Rc6 30. Qxd5 exd5 31. Nb3 R8xc7 32. Rxc6 Rxc6 33. Nxd4 Rc7 34. Nxf5 Kg8 35. Nxe7+ Rxe7 36. e6 Kg7 37. Re5 Kf6 38. Rxd5 Rxe6 39. Ra5 a6 40. Kf1 h5 41. Ra4 Rb6 42. Ke2 g4 43. h4 Re6+ 44. Kd2 Rb6 45. Ra5 Kg6 46. f3 gxf3 47. gxf3 b3 48. axb3 Rxb3 49. Rxa6+ Kf5 50. Ke3 Rb1 51. Ra5+ Kg6 52. d4 Rh1 53. Rg5+ Kh6 54. d5 Rxh4 55. d6 Rh1 56. Rd5 Re1+ 57. Kf4 Re8 58. d7 Rd8 59. Rd6+ Kg7 60. Kg5 Kf7 61. Kxh5 Ke7 62. Rd3 Rh8+ 63. Kg6 Kd8 64. f4 Rh1 65. f5 Rg1+ 66. Kf7 Rf1 67. f6 Rf2 68. Rd5 Rg2 69. Ke6 Re2+ 70. Kf5 Rf2+ 71. Kg6 Rg2+ 72. Rg5 Rf2 73. f7 Kxd7 74. Kg7 Ke7 75. Re5+ Kd6 76. Re8 Rg2+ 77. Kh6 Rh2+ 78. Kg5 Rg2+ 79. Kh4 Kd5 1-0

[Event "RUS-chT Men Rapid 2019"]
[Site "Sochi"]
[Date "2019.10.18"]
[Round "3.22"]
[White "Truskavetsky, Alexandr"]
[Black "Vakhlamov, Igor L."]
[Result "0-1"]
[ECO "A40"]
[WhiteElo "2398"]
[BlackElo "2413"]
[Annotator "NA"]
[PlyCount "134"]
[EventDate "2019.10.18"]
[EventType "swiss"]
[EventCountry "RUS"]
[SourceTitle "playchess.com"]
[Source "ChessBase"]
[SourceQuality "1"]
[TimeControl "900+10"]

1. d4 Nf6 2. c4 e6 3. g3 d5 4. Nf3 Bb4+ 5. Bd2 Be7 6. Bg2 O-O 7. O-O Nbd7 8. Bf4 dxc4 9. Nbd2 Nb6 10. e4 Bd7 11. Qc2 c5 12. dxc5 Bxc5 13. e5 Nfd5 14. Ng5 g6 15. Nge4 Be7 16. Bh6 Re8 17. Nd6 Bxd6 18. exd6 Bc6 19. Nxc4 Nxc4 20. Qxc4 Qxd6 21. Rfe1 f6 22. Rad1 Rad8 23. h4 a6 24. a3 Qe7 25. b4 Qf7 26. Qc5 e5 27. Kh2 Ne7 28. Bf1 Bd5 29. Bc1 Nf5 30. Bb2 Bb3 31. Rxd8 Rxd8 32. Qc3 Nd4 33. Bg2 Bd5 34. f4 Bxg2 35. Kxg2 Qd5+ 36. Kf2 Qe6 37. Kg2 Qd5+ 38. Kf2 Nb5 39. Qe3 Qd2+ 40. Re2 Qxe3+ 41. Kxe3 exf4+ 42. Kxf4 Kf7 43. g4 Nc7 44. Rf2 Rd6 45. h5 Ne6+ 46. Ke4 Ng5+ 47. Ke3 Re6+ 48. Kd3 Rd6+ 49. Ke3 Re6+ 50. Kd3 Ne4 51. Rf4 Nd6 52. Rf2 f5 53. hxg6+ hxg6 54. gxf5 Nxf5 55. Rh2 b5 56. Rh7+ Ke8 57. Ra7 g5 58. Rh7 g4 59. Rh5 Re3+ 60. Kd2 Rf3 61. Rg5 Rf2+ 62. Kc1 g3 63. Be5 g2 64. Bh2 Kf7 65. Kd1 Kf6 66. Rg8 Kf7 67. Rg5 Nd4 0-1

[Event "RUS-chT Men Rapid 2019"]
[Site "Sochi"]
[Date "2019.10.18"]
[Round "3.23"]
[White "Tsoi, Dmitry"]
[Black "Linker, Mikhail"]
[Result "1-0"]
[ECO "A03"]
[WhiteElo "2329"]
[BlackElo "2269"]
[Annotator "NA"]
[PlyCount "81"]
[EventDate "2019.10.18"]
[EventType "swiss"]
[EventCountry "RUS"]
[SourceTitle "playchess.com"]
[Source "ChessBase"]
[SourceQuality "1"]
[TimeControl "900+10"]

1. f4 d5 2. Nf3 Nf6 3. e3 g6 4. d4 Bg7 5. Bd3 b6 6. c3 O-O 7. Qe2 Bb7 8. O-O Qc8 9. b4 c5 10. Nbd2 a5 11. bxc5 bxc5 12. Ba3 Nbd7 13. Ne5 Ba6 14. Bxa6 Rxa6 15. Nb3 c4 16. Nd2 Re8 17. e4 e6 18. g4 Qc7 19. Rab1 Nb6 20. Rf3 Nxe4 21. Nxe4 dxe4 22. Qxe4 f5 23. Qc6 Qxc6 24. Nxc6 Nd5 25. Nb8 Ra7 26. Bc5 Ra8 27. Nd7 Rac8 28. Rb7 Rc7 29. Rxc7 Nxc7 30. Nb6 Nd5 31. Nxc4 Rb8 32. Nxa5 Rb1+ 33. Kg2 Rb2+ 34. Rf2 Nxf4+ 35. Kf3 Rxf2+ 36. Kxf2 Nd3+ 37. Ke3 Nxc5 38. dxc5 Bf8 39. Nb7 Kf7 40. a4 e5 41. a5 1-0

[Event "RUS-chT Men Rapid 2019"]
[Site "Sochi"]
[Date "2019.10.18"]
[Round "3.24"]
[White "Pervakov, Sergey"]
[Black "Frolov, Aleksey G."]
[Result "1/2-1/2"]
[ECO "C28"]
[WhiteElo "2093"]
[BlackElo "2093"]
[Annotator "NA"]
[PlyCount "154"]
[EventDate "2019.10.18"]
[EventType "swiss"]
[EventCountry "RUS"]
[SourceTitle "playchess.com"]
[Source "ChessBase"]
[SourceQuality "1"]
[TimeControl "900+10"]

1. e4 e5 2. Nc3 Nf6 3. Bc4 Nc6 4. d3 Na5 5. Bb3 Be7 6. Nge2 O-O 7. O-O Nxb3 8. axb3 d5 9. exd5 Nxd5 10. f4 Bc5+ 11. Kh1 exf4 12. Nxd5 Qxd5 13. Nc3 Qc6 14. Bxf4 Be6 15. Qh5 Bd4 16. Ra5 f6 17. Qb5 Qb6 18. Re1 Rfe8 19. Qxb6 cxb6 20. Raa1 a6 21. Be3 Bxc3 22. bxc3 b5 23. Kg1 Rac8 24. Bd2 Kf7 25. Kf2 Rc6 26. Re3 Rec8 27. Rae1 a5 28. Ra1 Ra8 29. Re4 Rca6 30. Be3 Rc8 31. Bd2 Raa8 32. Rae1 Rc6 33. Ra1 Rca6 34. Be3 a4 35. bxa4 bxa4 36. Bc5 a3 37. Rb4 Bd5 38. c4 Bc6 39. Ra2 Ra5 40. d4 Kg6 41. Rb3 Ra4 42. Rbxa3 R8a6 43. Rxa4 Rxa4 44. Rxa4 Bxa4 45. Ke3 Bxc2 46. d5 Kf7 47. Kd4 Ke8 48. Bb4 Kd7 49. Bf8 g6 50. c5 h5 51. Bg7 f5 52. h4 Be4 53. g3 Bb1 54. Be5 Bc2 55. Bf4 Bb3 56. Ke5 Ba2 57. d6 Bb3 58. Kf6 Bd1 59. Kxg6 Bg4 60. Kf6 Bh3 61. Be3 Bg4 62. Bd4 Bh3 63. Kg6 Bg4 64. Kf7 Bd1 65. Kf6 Bg4 66. Be3 Bh3 67. Ke5 Bg4 68. Bf4 Bh3 69. Kf6 Bg4 70. Kg6 Bd1 71. Kxf5 Be2 72. Ke5 Bf3 73. Kd4 Bg4 74. Kc4 Kc6 75. Kb4 Be6 76. Be3 Bd7 77. Ka5 Be6 1/2-1/2

[Event "RUS-chT Men Rapid 2019"]
[Site "Sochi"]
[Date "2019.10.18"]
[Round "3.25"]
[White "Jary, Sergey"]
[Black "Zakaryan, David"]
[Result "0-1"]
[ECO "E09"]
[WhiteElo "2275"]
[BlackElo "2338"]
[Annotator "NA"]
[PlyCount "104"]
[EventDate "2019.10.18"]
[EventType "swiss"]
[EventCountry "RUS"]
[SourceTitle "playchess.com"]
[Source "ChessBase"]
[SourceQuality "1"]
[TimeControl "900+10"]

1. Nf3 d5 2. c4 e6 3. g3 Nf6 4. Bg2 Be7 5. O-O O-O 6. d4 c6 7. Qc2 Nbd7 8. Nbd2 Re8 9. e4 dxe4 10. Nxe4 Nxe4 11. Qxe4 c5 12. Rd1 Qb6 13. b3 cxd4 14. Nxd4 Nc5 15. Qc2 Bd7 16. Be3 Rad8 17. Rab1 a5 18. h3 g6 19. Ne2 Bc6 20. Nc3 Bxg2 21. Kxg2 Qc6+ 22. Kg1 f5 23. Qe2 Nd7 24. Nb5 Ne5 25. f4 Nf7 26. Qg2 Bc5 27. Bxc5 Qxc5+ 28. Qf2 Qc6 29. Qg2 Qc8 30. Qf3 e5 31. Rxd8 Rxd8 32. Rd1 e4 33. Rxd8+ Qxd8 34. Qe2 h5 35. h4 Nh6 36. Kg2 Ng4 37. Nc3 Qd4 38. Nd5 e3 39. Kg1 Kh7 40. Kf1 Qe4 41. Kg1 Qd4 42. Kg2 Kg7 43. Kf1 Qe4 44. Kg1 Qd4 45. Kf1 Kf7 46. Kg2 Qd2 47. Qxd2 exd2 48. Nc3 Ne3+ 49. Kf3 d1=Q+ 50. Nxd1 Nxd1 51. a3 Ke6 52. b4 Nb2 0-1

[Event "RUS-chT Men Rapid 2019"]
[Site "Sochi"]
[Date "2019.10.18"]
[Round "3.26"]
[White "Nazaretyan, Tigran"]
[Black "Papenin, Nikolai"]
[Result "1-0"]
[ECO "A56"]
[WhiteElo "2297"]
[BlackElo "2295"]
[Annotator "NA"]
[PlyCount "91"]
[EventDate "2019.10.18"]
[EventType "swiss"]
[EventCountry "RUS"]
[SourceTitle "playchess.com"]
[Source "ChessBase"]
[SourceQuality "1"]
[TimeControl "900+10"]

1. d4 Nf6 2. c4 c5 3. dxc5 e6 4. a3 Bxc5 5. Nc3 O-O 6. b4 Be7 7. e4 d6 8. Nf3 a6 9. Bd3 Nbd7 10. h3 b6 11. Bf4 Bb7 12. O-O Qc7 13. Qe2 Ne5 14. Nxe5 dxe5 15. Be3 Rfd8 16. Rfc1 Rab8 17. Na4 Ba8 18. c5 b5 19. Nc3 Rd4 20. Bxd4 exd4 21. Nb1 Qf4 22. Nd2 Bc6 23. Nf3 Rd8 24. Re1 e5 25. g3 Qh6 26. Nxe5 Ba8 27. h4 Re8 28. Qa2 Qh5 29. f4 Rf8 30. Rac1 Bb7 31. Rcd1 Qh6 32. Bc2 Nh5 33. Qb3 Nxf4 34. gxf4 Qxf4 35. Nf3 Qg3+ 36. Kh1 Kh8 37. Ng1 Qxh4+ 38. Qh3 Qf2 39. Re2 Qf4 40. Rf1 Qe5 41. Nf3 Qc7 42. Bd3 g6 43. Rh2 h5 44. Rg1 h4 45. Nxh4 Kg7 46. Nf5+ 1-0

[Event "RUS-chT Men Rapid 2019"]
[Site "Sochi"]
[Date "2019.10.18"]
[Round "3.27"]
[White "Derjabin, Ilja"]
[Black "Ivlev, Aleksey"]
[Result "1-0"]
[ECO "A65"]
[WhiteElo "2333"]
[BlackElo "2292"]
[Annotator "NA"]
[PlyCount "61"]
[EventDate "2019.10.18"]
[EventType "swiss"]
[EventCountry "RUS"]
[SourceTitle "playchess.com"]
[Source "ChessBase"]
[SourceQuality "1"]
[TimeControl "900+10"]

1. d4 Nf6 2. c4 e6 3. Nc3 c5 4. d5 exd5 5. cxd5 d6 6. e4 g6 7. Nge2 Bg7 8. Ng3 O-O 9. Be2 a6 10. a4 Re8 11. O-O h5 12. Bg5 Qb6 13. a5 Qc7 14. f4 Bg4 15. Bxf6 Bxe2 16. Qxe2 Bxf6 17. e5 dxe5 18. Nce4 Nd7 19. f5 Bg7 20. fxg6 fxg6 21. d6 Qc6 22. Qc4+ Kh8 23. Qf7 Nf8 24. Nxh5 gxh5 25. Qxh5+ Kg8 26. Ng5 Qd7 27. Rf7 Red8 28. Raf1 e4 29. Rxf8+ Bxf8 30. Rf7 Bg7 31. Qh7# 1-0

[Event "RUS-chT Men Rapid 2019"]
[Site "Sochi"]
[Date "2019.10.18"]
[Round "3.28"]
[White "Tenikashvili, Georgij"]
[Black "Kurbedinov, Ramis"]
[Result "0-1"]
[ECO "E61"]
[WhiteElo "2337"]
[BlackElo "2280"]
[Annotator "NA"]
[PlyCount "72"]
[EventDate "2019.10.18"]
[EventType "swiss"]
[EventCountry "RUS"]
[SourceTitle "playchess.com"]
[Source "ChessBase"]
[SourceQuality "1"]
[TimeControl "900+10"]

1. d4 Nf6 2. Nf3 g6 3. c4 Bg7 4. Nc3 d6 5. Bg5 h6 6. Bh4 O-O 7. e3 c6 8. Be2 a6 9. a4 a5 10. O-O Na6 11. e4 g5 12. Bg3 Nh5 13. Qd2 Nb4 14. Rad1 f5 15. Ne1 Nxg3 16. hxg3 fxe4 17. Nxe4 Bf5 18. Qe3 Qc8 19. Nc3 Qe6 20. Qxe6+ Bxe6 21. Rd2 Rf7 22. f4 g4 23. Kf2 Bf5 24. Ke3 Re8 25. Bd3 e5 26. fxe5 dxe5 27. d5 e4 28. Bb1 Nd3 29. Ne2 c5 30. b3 h5 31. Bc2 h4 32. gxh4 g3 33. Nf4 Bd4+ 34. Ke2 Bg4+ 35. Nf3 exf3+ 36. Kxd3 Bf5# 0-1

[Event "RUS-chT Men Rapid 2019"]
[Site "Sochi"]
[Date "2019.10.18"]
[Round "4.2"]
[White "Yuffa, Daniil"]
[Black "Potkin, Vladimir"]
[Result "1/2-1/2"]
[ECO "E04"]
[WhiteElo "2577"]
[BlackElo "2583"]
[Annotator "ChessBase"]
[PlyCount "44"]
[EventDate "2019.10.18"]
[EventType "swiss"]
[EventCountry "RUS"]
[SourceTitle "playchess.com"]
[Source "ChessBase"]
[SourceQuality "1"]
[TimeControl "900+10"]

1. d4 Nf6 2. c4 e6 3. g3 d5 4. Bg2 dxc4 5. Nf3 a6 6. O-O Nc6 7. Bg5 Be7 8. e3 O-O 9. Nbd2 e5 10. Nxc4 exd4 11. Nxd4 Nxd4 12. Qxd4 Qxd4 13. exd4 h6 14. Bf4 Be6 15. Rfe1 Bxc4 16. Rxe7 Nd5 17. Bxd5 Bxd5 18. Rxc7 Rac8 19. Rc5 Rfd8 20. b3 Rxc5 21. dxc5 Bf3 22. Re1 Rd5 1/2-1/2

[Event "RUS-chT Men Rapid 2019"]
[Site "Sochi"]
[Date "2019.10.18"]
[Round "4.5"]
[White "Goryachkina, Aleksandra"]
[Black "Tsydypov, Zhamsaran"]
[Result "1/2-1/2"]
[ECO "B50"]
[WhiteElo "2575"]
[BlackElo "2553"]
[Annotator "ChessBase"]
[PlyCount "109"]
[EventDate "2019.10.18"]
[EventType "swiss"]
[EventCountry "RUS"]
[SourceTitle "playchess.com"]
[Source "ChessBase"]
[SourceQuality "1"]
[TimeControl "900+10"]

1. e4 c5 2. Nf3 d6 3. c3 Nf6 4. Be2 g6 5. O-O Bg7 6. Bb5+ Nbd7 7. Re1 a6 8. Bf1 O-O 9. d4 cxd4 10. cxd4 b5 11. a3 Bb7 12. Nc3 Rc8 13. Bf4 Nb6 14. Rc1 Nc4 15. Qb3 Qd7 16. h3 Rfe8 17. Bh2 Na5 18. Qd1 Nc4 19. Qb3 d5 20. e5 Ne4 21. Bd3 Bh6 22. Rc2 Ned2 23. Nxd2 Nxd2 24. Qa2 Qd8 25. Rd1 Ne4 26. Ne2 Rxc2 27. Bxc2 e6 28. Bf4 Qh4 29. Bxe4 dxe4 30. Be3 Bd5 31. Qb1 Bxe3 32. fxe3 Bc4 33. Nc3 Bd3 34. Qc1 a5 35. Qd2 b4 36. axb4 axb4 37. Na4 b3 38. Nc5 Bc4 39. Ra1 Bd5 40. Qf2 Qe7 41. Qf4 Rc8 42. h4 Kg7 43. Qg5 Qxg5 44. hxg5 h6 45. gxh6+ Kxh6 46. Ra7 Kg7 47. Ra6 g5 48. Kf2 Kg6 49. Kg3 Kf5 50. Ra7 Kg6 51. Ra6 Rb8 52. Ra4 Rb6 53. Kf2 Rb8 54. Ra3 Kf5 55. Ra7 1/2-1/2

[Event "RUS-chT Men Rapid 2019"]
[Site "Sochi"]
[Date "2019.10.18"]
[Round "4.6"]
[White "Triapishko, Alexandr"]
[Black "Pridorozhni, Aleksei"]
[Result "0-1"]
[ECO "B40"]
[WhiteElo "2514"]
[BlackElo "2599"]
[Annotator "ChessBase"]
[PlyCount "111"]
[EventDate "2019.10.18"]
[EventType "swiss"]
[EventCountry "RUS"]
[SourceTitle "playchess.com"]
[Source "ChessBase"]
[SourceQuality "1"]
[TimeControl "900+10"]

1. e4 c5 2. Nf3 e6 3. d4 cxd4 4. Nxd4 Nf6 5. Nc3 Nc6 6. Ndb5 Bc5 7. Nd6+ Ke7 8. Bf4 e5 9. Nf5+ Kf8 10. Bg5 h6 11. Bxf6 Qxf6 12. Nd5 Qd8 13. c3 g6 14. Nfe3 a6 15. Bc4 Kg7 16. O-O d6 17. Kh1 Rf8 18. Qe2 b5 19. Bd3 b4 20. cxb4 Nxb4 21. Nxb4 Bxb4 22. f4 exf4 23. Rxf4 Bc5 24. Raf1 Bd4 25. Nc4 Be6 26. e5 dxe5 27. Nxe5 Qd6 28. Nc4 Qd5 29. b3 Rad8 30. Be4 Qc5 31. g3 a5 32. Qe1 a4 33. Qa5 axb3 34. Qxc5 Bxc5 35. axb3 Rb8 36. Na5 Rb5 37. Nc6 Rxb3 38. Bg2 Rb2 39. Nd4 Ba2 40. Nc6 Rxg2 41. Kxg2 Bd5+ 42. Kh3 Bxc6 43. g4 Bd7 44. Kg2 Be6 45. Rd1 Ra8 46. h3 Ra2+ 47. Kg3 g5 48. Rf3 Bb6 49. Rc3 Ba7 50. Kf3 Rh2 51. Ke4 Bb8 52. Rcd3 Bf4 53. Rc3 h5 54. Rg1 hxg4 55. hxg4 Rh4 56. Kd4 0-1

[Event "RUS-chT Men Rapid 2019"]
[Site "Sochi"]
[Date "2019.10.18"]
[Round "4.7"]
[White "Belyakov, Bogdan"]
[Black "Moiseenko, Vadim"]
[Result "1-0"]
[ECO "C44"]
[WhiteElo "2495"]
[BlackElo "2532"]
[Annotator "ChessBase"]
[PlyCount "79"]
[EventDate "2019.10.18"]
[EventType "swiss"]
[EventCountry "RUS"]
[SourceTitle "playchess.com"]
[Source "ChessBase"]
[SourceQuality "1"]
[TimeControl "900+10"]

1. e4 e5 2. Nf3 Nc6 3. c3 Nf6 4. d4 d5 5. Bb5 exd4 6. e5 Nd7 7. O-O Be7 8. Bxc6 bxc6 9. Nxd4 Nb8 10. f4 c5 11. Nb3 Bf5 12. Be3 c4 13. Nc5 c6 14. g4 Bc8 15. b4 h5 16. f5 a5 17. gxh5 axb4 18. cxb4 Na6 19. Qg4 Rh7 20. h6 Kf8 21. Ne6+ fxe6 22. f6 Bxf6 23. exf6 g5 24. Qxg5 d4 25. Qg6 Raa7 26. f7 Raxf7 27. Qxh7 Rxf1+ 28. Kxf1 Qf6+ 29. Bf2 e5 30. Nd2 Nxb4 31. Ne4 Bh3+ 32. Kg1 Qf7 33. Qxf7+ Kxf7 34. Ng5+ Kg6 35. h7 Kg7 36. Bg3 Nd3 37. Rd1 c3 38. Rxd3 c2 39. Bxe5+ Kg6 40. Bf4 1-0

[Event "RUS-chT Men Rapid 2019"]
[Site "Sochi"]
[Date "2019.10.18"]
[Round "4.8"]
[White "Rozum, Ivan"]
[Black "Savitskiy, Sergey"]
[Result "0-1"]
[ECO "A05"]
[WhiteElo "2599"]
[BlackElo "2407"]
[Annotator "ChessBase"]
[PlyCount "98"]
[EventDate "2019.10.18"]
[EventType "swiss"]
[EventCountry "RUS"]
[SourceTitle "playchess.com"]
[Source "ChessBase"]
[SourceQuality "1"]
[TimeControl "900+10"]

1. Nf3 Nf6 2. g3 g6 3. b3 Bg7 4. Bb2 O-O 5. Bg2 c5 6. c4 Nc6 7. O-O d6 8. d4 cxd4 9. Nxd4 Bd7 10. Nc2 Qa5 11. Nc3 Rfc8 12. Ne3 Ng4 13. Nxg4 Bxg4 14. Rc1 Rab8 15. h3 Bd7 16. c5 Be6 17. cxd6 Rd8 18. e3 Rxd6 19. Qe2 Rbd8 20. Ba1 Rd2 21. Qf3 Nb4 22. Ne4 Rxa2 23. Bxg7 Kxg7 24. Nc5 Bd5 25. Qf4 Bxg2 26. Kxg2 Nd3 27. Nxd3 Rxd3 28. Rc7 Qd5+ 29. e4 Qe6 30. Rxb7 Re2 31. Rxa7 Rxe4 32. Qc7 h5 33. Rb7 h4 34. Rb6 Qd5 35. Qb7 Qf5 36. Kg1 Re2 37. g4 Qe5 38. Rb5 Qd4 39. Qb6 Qf4 40. Rb4 Qe5 41. Qb5 Qxb5 42. Rxb5 Rxh3 43. Rb7 e6 44. b4 Rb2 45. Re1 Rf3 46. Rxe6 Rfxf2 47. Ree7 h3 48. Re1 Rg2+ 49. Kh1 Rh2+ 0-1

[Event "RUS-chT Men Rapid 2019"]
[Site "Sochi"]
[Date "2019.10.18"]
[Round "4.9"]
[White "Timofeev, Artyom"]
[Black "Drygalov, Andrey"]
[Result "1/2-1/2"]
[ECO "A20"]
[WhiteElo "2595"]
[BlackElo "2484"]
[Annotator "ChessBase"]
[PlyCount "27"]
[EventDate "2019.10.18"]
[EventType "swiss"]
[EventCountry "RUS"]
[SourceTitle "playchess.com"]
[Source "ChessBase"]
[SourceQuality "1"]
[TimeControl "900+10"]

1. c4 e5 2. e3 Nf6 3. Nc3 Nc6 4. d3 g6 5. Be2 Bg7 6. Nf3 O-O 7. O-O d6 8. Rb1 a5 9. b3 Re8 10. Bb2 Bf5 11. Nh4 Bd7 12. Nf3 Bf5 13. Nh4 Bd7 14. Nf3 1/2-1/2